cohdb
Replays
Latest Replays
All Replays
Popular Replays
Top Player Replays
Match Explorer
How It Works
Community
CoH3 Stats
Reddit
Sign in to upload your games and track your stats! →
Sign in with Steam
Match 46283629
Unlisted
Match 46283629
Overview
Messages
Build Orders
End
Kradschützen Motorcycle Team
Panzergrenadier Squad
Panzergrenadier Squad
Panzergrenadier Squad
Construct Light Support Kompanie
Construct Mechanized Kompanie
Panzerjäger Mechanized Group
8 Rad Armored Car
Selects Italian Infantry
Selects Guastatori Squad
Guastatori Squad
Support Armor Elements
StuG III D Assault Gun
Emergency Repair Kits
Selects L6/40 Light Tank Combat Group
Selects Towed Cannone da 105/28 Field Howitzer
Towed Cannone da 105/28 Field Howitzer
Selects Sound the Alarm
Marder III Tank Destroyer
Pak 38 Mechanized Group
Selects Prepared Positions
Marder III Tank Destroyer
DARK STORM
P3prime
Stormless
Grunka Lunka
0
0
Comments
sign in to comment!
No comments posted yet!